 Dungeon Crawl Stone Soup version 0.27-a0-1193-g8631133539 (webtiles) character file.

Game seed: 4726393155647394686

12812 dolemite99 the Spear-Bearer (level 11, -15/89 HPs)
             Began as a Demonspawn Fighter on May 27, 2021.
             Was a Plaything of Xom.
             Demolished by a cyclops (18 damage)
             ... on level 11 of the Dungeon.
             The game lasted 00:25:39 (14919 turns).

dolemite99 the Spear-Bearer (Demonspawn Fighter)   Turns: 14919, Time: 00:25:40

Health: -15/89     AC: 20    Str: 26    XL:     11   Next: 67%
Magic:  11/11      EV: 13    Int: 12    God:    Xom [.....*]
Gold:   15         SH:  0    Dex: 12    Spells: 5/10 levels left

rFire    + + .     SeeInvis .   a - +0 trident (vamp)
rCold    . . .     Faith    .   (no shield)
rNeg     . . .     Spirit   .   N - +3 chain mail
rPois    +         Reflect  .   (helmet restricted)
rElec    .         Harm     .   T - +0 cloak
rCorr    .         Rampage  .   h - +2 pair of gloves
Will     .....     Clarity  +   (no boots)
Stlth    ..........             (no amulet)
HPRegen  0.24/turn              i - ring of wizardry
MPRegen  0.12/turn              K - +6 ring of strength

@: agile, cleaving
A: antennae 1, claws 1, talons 1, powered by pain 2, spiny 1, clarity, clever 1,
fire resistance 2, mutation resistance 1, poison resistance, shaggy fur 1, wild
magic 2, MP-powered wands
a: Renounce Religion


You were on level 11 of the Dungeon.
You worshipped Xom.
You were Xom's teddy bear.
You visited 1 branch of the dungeon, and saw 11 of its levels.

You collected 488 gold pieces.
You spent 473 gold pieces at shops.

Inventory:

Hand Weapons
 a - a +0 vampiric trident (weapon)
 b - a +1 hunting sling of venom
 e - a +2 halberd of protection
 j - a +1 halberd of venom
 w - a +2 spear of flaming
 z - a +2 vorpal spear
 G - a +4 halberd
 U - a +3 trident
Missiles
 f - 284 stones
 u - 188 arrows
 y - 16 poisoned darts (quivered)
 A - 16 boomerangs
 B - 66 bolts
 O - 2 curare-tipped darts
Armour
 c - a +0 kite shield
 h - a +2 pair of gloves (worn)
 t - a +0 chain mail
 N - a +3 chain mail (worn)
 T - a +0 cloak (worn)
Magical Staves
 J - a staff of cold
Jewellery
 i - a ring of wizardry (left hand)
 l - a ring of resist corrosion
 p - an amulet of reflection
 K - a +6 ring of strength (right hand)
 Q - a +6 ring of dexterity
 W - an amulet of magic regeneration
Wands
 k - a wand of paralysis (7)
 I - a wand of iceblast (4)
 L - a wand of digging (3)
 P - a wand of mindburst (5)
Scrolls
 m - a scroll of immolation {unknown}
 v - a scroll of amnesia {unknown}
 D - 3 scrolls of enchant armour {unknown}
 H - 2 scrolls of teleportation {unknown}
Potions
 g - a potion of might
 n - a potion of attraction
 q - a potion of flight
 r - a potion of lignification
 x - 2 potions of cancellation {unknown}
 E - a potion of berserk rage {unknown}
 M - a potion of haste
 V - a potion of brilliance {unknown}


   Skills:
 + Level 9.5 Fighting
 - Level 10.1 Polearms
 - Level 7.4 Slings
 - Level 1.2(4.7) Throwing
 + Level 8.9 Armour
 - Level 2.6 Shields
 - Level 2.5 Evocations


You had 5 spell levels left.
You knew the following spells:

 Your Spells              Type           Power      Damage    Failure   Level
a - Animate Skeleton      Necr           0%         N/A       65%         1
b - Blink                 Tloc           N/A        N/A       77%         2
c - Passwall              Tmut/Erth      0%         N/A       77%         2

Your spell library contained the following spells:

 Spells                   Type           Power      Damage    Failure   Level
 Apportation              Tloc           0%         N/A       65%         1
 Beastly Appendage        Tmut           0%         N/A       65%         1
 Magic Dart               Conj           0%         1d3       65%         1
 Pain                     Necr           0%         1d4       65%         1
 Sandblast                Erth           0%         2d4       65%         1
 Call Imp                 Summ           0%         N/A       77%         2
 Slow                     Hex            0%         N/A       77%         2
 Wereblood                Tmut           0%         N/A       77%         2
 Conjure Flame            Conj/Fire      0%         6-21      92%         3
 Lesser Beckoning         Tloc           0%         N/A       92%         3
 Mephitic Cloud           Conj/Pois/Air  0%         N/A       92%         3
 Spider Form              Tmut/Pois      0%         N/A       92%         3
 Stone Arrow              Conj/Erth      0%         3d7       92%         3
 Tukima's Dance           Hex            0%         N/A       92%         3
 Vampiric Draining        Necr           0%         2d6       92%         3
 Animate Dead             Necr           0%         N/A       100%        4
 Ice Form                 Ice/Tmut       0%         N/A       100%        4
 Petrify                  Tmut/Erth      0%         N/A       100%        4
 Agony                    Necr           0%         N/A       100%        5
 Alistair's Intoxication  Tmut/Pois      0%         N/A       100%        5
 Hydra Form               Tmut           0%         N/A       100%        5
 Lee's Rapid Deconstruct  Erth           0%         3d5*      100%        5
 Invisibility             Hex            0%         N/A       100%        6


Dungeon Overview and Level Annotations

Branches:
Dungeon (11/15)            Temple (0/1) D:7             Orc (0/2) D:9
   Lair: D:8-11

Altars:
Ashenzari
Elyvilon
Fedhas
Gozag
Hepliaklqana
Kikubaaqudgha
Makhleb
Qazlal
Ru
Trog
Vehumet
Xom
Zin
The Shining One

Shops:
D:4 *   D:6 =   D:9 :   D:10 !

Annotations:
D:3 Grinder, Robin


Innate Abilities, Weirdness & Mutations

You have a pair of small antennae on your head.
You have sharp fingernails.
You have sharp toenails.
You sometimes gain power by taking damage.
You are partially covered in sharp spines.
You possess an exceptional clarity of mind.
Your mind is acute. (Int +2)
Your flesh is very heat resistant. (rF++)
You are somewhat resistant to further mutation.
Your system is resistant to poisons. (rPois)
You are covered in fur. (AC +1)
Your spells are harder to cast, but more powerful.
You expend magic power (3 MP) to strengthen your wands.


Message History

The centaur warrior is severely wounded.
You feel yourself slow down.
You closely miss the centaur warrior. Your kick misses the centaur warrior.
The centaur warrior is severely wounded.
Xom briefly touches your surroundings. The centaur warrior closely misses you.
The centaur warrior kicks you but does no damage.
The centaur warrior hits you but does no damage.
The centaur warrior kicks you but does no damage.
Your chain mail prevents you from hitting the centaur warrior.
You claw the centaur warrior, but do no damage.
The centaur warrior is severely wounded.
The centaur warrior hits you but does no damage.
The centaur warrior closely misses you.
You hit the centaur warrior.
You feel better.
You claw the centaur warrior, but do no damage.
The centaur warrior is severely wounded.
The centaur warrior hits you with a +0 short sword!
* * * LOW HITPOINT WARNING * * *
The centaur warrior barely misses you.
You hit the centaur warrior.
You feel better.
You claw the centaur warrior.
The centaur warrior is almost dead.
The centaur warrior completely misses you.
The centaur warrior kicks you but does no damage.
You puncture the centaur warrior!
You feel better.
You kill the centaur warrior!
The cyclops hits you!
* * * LOW HITPOINT WARNING * * *
Items here: ! $ ( )) ? †.
You hit the cyclops but do no damage. You claw the cyclops.
The cyclops is lightly wounded.
The area is suffused with divine lightning!
The blast of lightning engulfs the cyclops!!
You hear a shout! x3; You hear a horrible gurgling sound!
You hear a shout! x2
Items here: ( ))))) / [[[ †.
You hit the cyclops. You claw the cyclops.
The cyclops is severely wounded.
The cyclops is struck by your spines. The cyclops hits you!!
You die...
Xom cackles wildly!

#☼# ###.###..#.# #.# ##.
#.##.....#..#.###.# ##..
#_##.#.##.._.....# ##...
#.☼.[..._##.#...####....
##.#.#.#......†).[.'....
#...^.#.##.....####....
.#####†###_####...#
##... ..(.(..))C).#
#.#.# ##..
.##.###.##@#####.#.# ##.
#.##[(.......# ##
#.########.### ..# #.#
###


You could see a cyclops.

Vanquished Creatures
  2 hydras (D:11)
  A centaur warrior (D:11)
  A death knight (D:11)
  2 two-headed ogres
  An orc knight (D:11)
  A cyclops (D:11)
  2 gargoyles
  An efreet (D:11)
  2 trolls
  A hornet (D:6)
  A wind drake (shapeshifter) (D:11)
  4 shadows
  A wyvern (D:9)
  6 yaks
  A steam dragon (D:10)
  3 vampire mosquitoes (D:6)
  A water moccasin (D:8)
  6 orc warriors
  A hornet zombie (D:8)
  2 sky beasts
  3 black bears
  2 ice beasts
  A necrophage (D:6)
  2 ogres
  4 centaurs
  2 phantoms (D:6)
  2 kobold brigands (D:9)
  7 bullfrogs
  A scorpion (D:4)
  2 gnoll sergeants (D:7)
  2 troll zombies (D:9)
  12 wights
  An electric eel (D:8)
  3 howler monkeys
  2 crimson imps
  3 bullfrog zombies
  4 centaur zombies
  A hound (D:7)
  2 jellies
  2 centaur skeletons
  2 orc priests
  4 bullfrog skeletons
  An iguana (D:7)
  9 orc wizards
  A killer bee zombie (D:6)
  6 ogre zombies (D:9)
  A hound zombie (D:5)
  A howler monkey skeleton (D:5)
  A howler monkey zombie (D:8)
  9 adders
  17 gnolls
  A shadow imp (D:6)
  2 white imps
  An ufetubus (D:5)
  2 worms (D:2)
  An adder zombie (D:3)
  4 dart slugs
  31 orcs
  4 ball pythons
  5 endoplasms
  5 giant cockroaches
  8 goblins
  8 hobgoblins
  17 kobolds
  4 quokkas
  4 bats
  2 frilled lizards (D:2)
  4 goblin zombies (D:9)
  A hobgoblin skeleton (D:9)
  4 hobgoblin zombies (D:9)
  3 orc skeletons (D:9)
  13 orc zombies (D:9)
  5 rats (D:1)
  A spectral kobold (D:5)
280 creatures vanquished.

Vanquished Creatures (collateral kills)
  A vampire mosquito (D:11)
  A wight (D:8)
2 creatures vanquished.

Vanquished Creatures (others)
  A dancing weapon (D:11)
  A wizard (D:11)
  A tengu conjurer (D:11)
  A plant (D:4)
4 creatures vanquished.

Grand Total: 286 creatures vanquished

Notes
Turn   | Place    | Note
-------+----------+-------------------------------------------
     0 | D:1      | dolemite99 the Demonspawn Fighter began the quest for the
                  | Orb.
     0 | D:1      | Reached XP level 1. HP: 18/18 MP: 1/1
    57 | D:1      | Reached skill level 2 in Polearms
   289 | D:1      | Gained mutation: You have sharp toenails. [demonic
                  | ancestry]
   289 | D:1      | Reached XP level 2. HP: 23/24 MP: 2/2
   365 | D:1      | Reached skill level 3 in Polearms
   804 | D:2      | Reached XP level 3. HP: 21/29 MP: 3/3
   964 | D:2      | Reached skill level 1 in Evocations
  1063 | D:2      | Found a faded altar of an unknown god.
  1075 | D:2      | Became a worshipper of Xom of Chaos
  1169 | D:2      | Gained mutation: You are partially covered in sharp spines.
                  | [demonic ancestry]
  1169 | D:2      | Reached XP level 4. HP: 35/35 MP: 4/4
  1229 | D:2      | XOM: potion effect (brilliance)
  1734 | D:3      | Noticed Robin
  1736 | D:3      | Noticed Grinder
  1896 | D:3      | Learned a level 1 spell: Animate Skeleton
  1922 | D:3      | XOM: stat loss: -1 Str (16/17)
  1976 | D:3      | XOM: summons 1 hostile shadow creature
  2025 | D:3      | Learned a level 2 spell: Blink
  2364 | D:3      | XOM: summons 1 hostile demon
  2397 | D:4      | Noticed a black bear
  2405 | D:4      | Killed a black bear
  2406 | D:4      | Reached skill level 4 in Polearms
  2406 | D:4      | Gained mutation: You have sharp fingernails. [demonic
                  | ancestry]
  2406 | D:4      | Reached XP level 5. HP: 16/41 MP: 5/5
  2412 | D:4      | Reached skill level 5 in Polearms
  2637 | D:4      | XOM: fog
  2655 | D:4      | Gained mutation: You sometimes gain a little power by
                  | taking damage. [demonic ancestry]
  2655 | D:4      | Reached XP level 6. HP: 40/47 MP: 6/6
  2854 | D:4      | Reached skill level 6 in Polearms
  2941 | D:4      | XOM: cloud trail
  3468 | D:4      | Reached skill level 1 in Slings
  3809 | D:4      | Found Ijaymita's Assorted Antiques.
  3821 | D:4      | Bought a scroll labelled OKKOIN WESENAOHEA for 35 gold
                  | pieces
  3821 | D:4      | Bought a cyan potion for 31 gold pieces
  3821 | D:4      | Bought a fuming green potion for 31 gold pieces
  3841 | D:4      | XOM: god gift: wand of flame (19)
  3927 | D:4      | XOM: scenery: 1 doors close
  4022 | D:4      | XOM: give mutations
  4022 | D:4      | Gained mutation: You expend magic power (3 MP) to
                  | strengthen your wands. [Xom's grace]
  4022 | D:4      | Gained mutation: You possess an exceptional clarity of
                  | mind. [Xom's grace]
  4022 | D:4      | Gained mutation: You are covered in fur. (AC +1) [Xom's
                  | grace]
  4295 | D:5      | Entered Level 5 of the Dungeon
  4347 | D:5      | Reached XP level 7. HP: 43/52 MP: 7/7
  4442 | D:5      | Reached skill level 1 in Throwing
  4457 | D:5      | Learned a level 2 spell: Passwall
  4724 | D:5      | XOM: divination: detect creatures
  4730 | D:5      | Found a hazy altar of Hepliaklqana.
  4993 | D:5      | XOM: god gift: club {god gift}
  5045 | D:5      | Found a radiant altar of Vehumet.
  5333 | D:5      | Found an opulent altar of Gozag.
  5345 | D:5      | Found a burning altar of Makhleb.
  5394 | D:5      | XOM: give mutations
  5394 | D:5      | Gained mutation: Your flesh is heat resistant. (rF+) [Xom's
                  | grace]
  5394 | D:5      | Gained mutation: You are somewhat resistant to further
                  | mutation. [Xom's grace]
  5394 | D:5      | Gained mutation: Your spells are a little harder to cast,
                  | but a little more powerful. [Xom's grace]
  5394 | D:5      | Gained mutation: Your flesh is very heat resistant. (rF++)
                  | [Xom's grace]
  5677 | D:6      | Reached XP level 8. HP: 60/60 MP: 0/8
  5681 | D:6      | Reached skill level 7 in Polearms
  5900 | D:6      | Found an ancient bone altar of Kikubaaqudgha.
  5913 | D:6      | Reached skill level 8 in Polearms
  5919 | D:6      | XOM: polymorph white imp -> crimson imp
  5996 | D:6      | Reached skill level 9 in Polearms
  6488 | D:6      | Gained mutation: You have a pair of small antennae on your
                  | head. [demonic ancestry]
  6488 | D:6      | Reached XP level 9. HP: 40/65 MP: 9/9
  6511 | D:6      | Reached skill level 10 in Polearms
  6512 | D:6      | Found a broken altar of Ashenzari.
  6512 | D:6      | XOM: 3-stop teleportation journey
  7005 | D:6      | Found Herro's Jewellery Shoppe.
  7012 | D:6      | XOM: god gift: scale mail {god gift}
  7308 | D:6      | Found a stormy altar of Qazlal.
  7396 | D:7      | Noticed a two-headed ogre
  7397 | D:7      | XOM: polymorph orc -> bat
  7402 | D:7      | Killed a two-headed ogre
  7404 | D:7      | Reached skill level 5 in Slings
  7407 | D:7      | XOM: polymorph orc -> bat
  7454 | D:7      | Found a staircase to the Ecumenical Temple.
  7811 | D:7      | XOM: scenery: summon butterflies
  8302 | D:6      | XOM: give mutations
  8302 | D:6      | Gained mutation: Your spells are harder to cast, but more
                  | powerful. [Xom's grace]
  8302 | D:6      | Gained mutation: Your mind is acute. (Int +2) [Xom's grace]
  8302 | D:6      | Gained mutation: Your system is resistant to poisons.
                  | (rPois) [Xom's grace]
  8377 | D:7      | XOM: silly message
  8487 | D:6      | Paralysed by a hornet for 3 turns
 10173 | D:4      | XOM is BORED!
 10199 | D:4      | Bought a fluorescent wand for 140 gold pieces
 10300 | D:8      | Gained mutation: You sometimes gain power by taking damage.
                  | [demonic ancestry]
 10300 | D:8      | Reached XP level 10. HP: 66/68 MP: 10/10
 10343 | D:8      | Found a bloodstained altar of Trog.
 10370 | D:8      | XOM: enchant monster (bad)
 11068 | D:8      | XOM: summons 1 hostile demon
 11403 | D:8      | XOM: cast spell 'Summon Hydra'
 11433 | D:8      | Reached skill level 5 in Fighting
 11548 | D:8      | XOM: swap monsters
 11779 | D:9      | Found Geloec's Book Shoppe.
 11790 | D:9      | Reached skill level 5 in Armour
 11887 | D:9      | XOM: fog
 12295 | D:9      | XOM: scenery: summon butterflies
 12332 | D:9      | Identified the +5 scale mail of Anaesthesia {Will+ Slay+2}
 12562 | D:9      | Found a staircase to the Orcish Mines.
 12618 | D:9      | XOM is BORED!
 12959 | D:4      | Bought a runed ivory wand for 140 gold pieces
 13206 | D:9      | XOM: stat loss: -1 Int (11/12)
 13381 | D:9      | XOM: chaos upgrade
 13584 | D:10     | Entered Level 10 of the Dungeon
 13640 | D:10     | XOM: 3-stop teleportation journey
 13705 | D:10     | Found a blossoming altar of Fedhas.
 13740 | D:10     | XOM: stat loss: -1 Dex (11/12)
 13774 | D:10     | Found Apeol Heixu's Distillery.
 13791 | D:10     | XOM: chaos cloud
 13801 | D:10     | XOM: 3-stop teleportation journey
 13805 | D:10     | Noticed a gargoyle
 13839 | D:10     | Killed a gargoyle
 13844 | D:10     | XOM: potion effect (might)
 13847 | D:10     | Noticed a two-headed ogre
 13854 | D:10     | Reached XP level 11. HP: 84/84 MP: 11/11
 13857 | D:10     | Killed a two-headed ogre
 13901 | D:10     | XOM: cloud trail
 14029 | D:10     | Bought a potion of curing for 48 gold pieces
 14029 | D:10     | Bought a potion of curing for 48 gold pieces
 14211 | D:10     | Found a sacrificial altar of Ru.
 14229 | D:10     | XOM: divination: detect creatures
 14537 | D:10     | XOM: god gift: 19 stones
 14545 | D:10     | XOM: silly message
 14668 | D:11     | XOM is BORED!
 14668 | D:11     | XOM: give mutation
 14795 | D:11     | XOM: scenery: create altars
 14814 | D:11     | Noticed an eight-headed hydra
 14814 | D:11     | Noticed a wizard
 14820 | D:11     | Noticed a six-headed hydra
 14832 | D:11     | Killed an eight-headed hydra
 14833 | D:11     | Killed a wizard
 14834 | D:11     | Killed a six-headed hydra
 14836 | D:11     | Noticed a death knight
 14837 | D:11     | Noticed an orc knight
 14839 | D:11     | XOM: confuse monster(s)
 14840 | D:11     | XOM: cleaving
 14840 | D:11     | Noticed a centaur warrior
 14860 | D:11     | Noticed a green ugly thing
 14861 | D:11     | XOM: enchant monster (good)
 14863 | D:11     | XOM: confuse monster(s)
 14866 | D:11     | XOM: cleaving
 14870 | D:11     | HP: 6/130 [death knight/+4 halberd of flaming (3)]
 14875 | D:11     | Killed an orc knight
 14878 | D:11     | XOM: scenery: create altars
 14888 | D:11     | Killed a death knight
 14911 | D:11     | XOM: scenery: create altars
 14915 | D:11     | Killed a centaur warrior
 14916 | D:11     | HP: 2/89 [cyclops (11)]
 14918 | D:11     | XOM: divine lightning
 14919 | D:11     | Demolished by a cyclops

Illustrated notes

Levels and vault maps discovered:
D:1:      psy_arrival_dodecagon, layout_basic, minmay_crystal_room,
          minmay_misc_feat_ornament
D:2:      layout_basic, hellmonk_ecumenical_altar_pennies_from_heaven,
          minmay_misc_feat_tiny
D:3:      layout_basic, uniq_robin, uniq_grinder
D:4:      layout_basic, good_gods_temple_1, serial_shops, nicolae_shop_crystal,
          minmay_misc_feat_encased
D:5:      layout_basic, nicolae_hepliaklqana_monster_ancestors, kennysheep_mini,
          grunt_temple_overflow_open, minmay_fire_ice_demons
D:6:      layout_basic, general_overflow_altar,
          nicolae_qazlal_general_emergency, nicolae_ashenzari_panopticon,
          serial_shops, shop, grunt_decor_fettered, minmay_circle_x
D:7:      layout_rooms, minmay_temple_entry_butterflies,
          minmay_tree_intersection
D:8:      layout_loops_ring, bloody_trog, corexii_leaking_fountain,
          minmay_crystal_water
D:9:      layout_basic, zombieorc2_lemuel, serial_shops,
          nicolae_shop_statue_plus
D:10:     layout_loops_ring, overflow_temple_1_default,
          nicolae_ru_path_of_blood, serial_shops, nicolae_shop_stone
D:11:     minmay_the_grid_square_5x5_4x4
          [minmay_the_grid_square_5x5_pentomino_r,
          minmay_the_grid_square_5x5_forky, minmay_the_grid_square_5x5_comb,
          minmay_the_grid_square_5x5_checkered_sparse,
          minmay_the_grid_square_5x5_n, minmay_the_grid_square_5x5_prize_waves,
          minmay_the_grid_square_5x5_prize_open,
          minmay_the_grid_square_5x5_minimal,
          minmay_the_grid_square_5x5_n_small,
          minmay_the_grid_square_5x5_prize_junk,
          minmay_the_grid_square_5x5_prize_itemx,
          minmay_the_grid_square_5x5_dogpile,
          minmay_the_grid_square_5x5_checkered_statues,
          minmay_the_grid_square_5x5_three_walls,
          minmay_the_grid_square_5x5_gyroscope,
          minmay_the_grid_square_5x5_moneybag], layout_loops_corners,
          minmay_lair_entry_grove

Skill      XL: |  1  2  3  4  5  6  7  8  9 10 11 |
---------------+----------------------------------+-----
Polearms       | 2 3 4 5 6 9 10 | 10.1
Evocations     | 2 |  2.5
Slings         | 1 2 7 |  7.4
Throwing       | 1 |  1.2
Armour         | 3 6 8 |  8.9
Fighting       | 7 9 |  9.5
Shields        | |  2.6

Action                   |  1- 3 |  4- 6 |  7- 9 | 10-12 || total
-------------------------+-------+-------+-------+-------++-------
Melee: Trident           |    74 |    14 |    62 |   189 ||   339
       Kick              |    13 |    16 |    61 |    68 ||   158
       Halberd           |       |    62 |     8 |       ||    70
       Spear             |       |       |   127 |    31 ||   158
 Fire: Hunting sling     |       |    27 |    40 |   300 ||   367
Throw: Dart              |       |       |    20 |    11 ||    31
       Boomerang         |       |       |     7 |       ||     7
 Cast: Blink             |       |       |       |     1 ||     1
Evoke: Wand              |     9 |     3 |    23 |    19 ||    54
  Use: Potion            |       |     3 |     2 |     8 ||    13
       Scroll            |       |     3 |     8 |     8 ||    19
 Stab: Confused          |       |       |       |     8 ||     8
       Paralysed         |       |       |       |     6 ||     6
Armor: Scale mail        |    33 |    70 |     4 |       ||   107
       Chain mail        |       |       |   120 |    98 ||   218
       Skin              |       |       |     1 |    42 ||    43
Dodge: Dodged            |    37 |    61 |    81 |    88 ||   267

Table legend: (Time is in decaauts)
 A = Elapsed time spent in this place.
 B = Non-inter-level travel time spent in this place.
 C = Inter-level travel time spent in this place.
 D = Time resting spent in this place.
 E = Time spent auto-exploring this place.
 F = Levels seen in this place.
 G = Mean time per level.
                   A        B        C        D        E       F      G
               +--------+--------+--------+--------+--------+-----+--------+
         Total |  14721 |  13732 |    989 |   4797 |   6121 |  11 | 1338.3 |
       Dungeon |  14721 |  13732 |    989 |   4797 |   6121 |  11 | 1338.3 |
               +--------+--------+--------+--------+--------+-----+--------+

Top non-repeatable levels by time:
     D:6: 3301 daAuts
     D:4: 2105 daAuts
     D:8: 1583 daAuts
     D:9: 1474 daAuts
     D:5: 1272 daAuts
     D:7: 1227 daAuts
     D:2: 995 daAuts
    D:10: 964 daAuts
     D:1: 803 daAuts
     D:3: 689 daAuts
    D:11: 304 daAuts
